 Dungeon Crawl Stone Soup version 0.31-a0-233-g139696dc86 (webtiles) character file.

Game seed: 10397682951415129438

30 qw the Shooter (level 3, -3/21 HPs)
             Began as a Gargoyle Hexslinger on July 9, 2023.
             Slain by a hobgoblin (6 damage)
             ... led by Robin
             ... on level 1 of the Dungeon.
             The game lasted 00:00:20 (519 turns).

qw the Shooter (Gargoyle Hexslinger)                 Turns: 519, Time: 00:00:20

Health: -3/21      AC:  8    Str: 11    XL:     3   Next: 18%
Magic:  4/4        EV: 10    Int: 13    God:
Gold:   76         SH:  0    Dex: 14    Spells: 3/4 levels left

rFire   . . .        Y - +1 sling
rCold   . . .        (no shield)
rNeg    + + .        e - +0 ring mail
rPois   inf          (no helmet)
rElec   +            (no cloak)
rCorr   .            (no gloves)
SInv    .            (no boots)
Will    .....        (no amulet)
Stlth   +            d - ring of positive energy
HPRegen 0.23/turn    (no ring)
MPRegen 0.09/turn

%: no passive effects
@: no status effects
A: sickness immunity, AC +3, negative energy resistance 1, electricity
resistance, torment resistance 1, petrification resistance
a: no special abilities


You were on level 1 of the Dungeon.
You visited 1 branch of the dungeon, and saw 2 of its levels.

You collected 76 gold pieces.


Innate Abilities, Weirdness & Mutations

You are immune to sickness and miasma.
Your stone body is resilient. (AC +3)
You are immune to poison.
You resist negative energy. (rN+)
You are resistant to electric shocks. (rElec)
You are resistant to unholy torment.
You are immune to petrification.


   Skills:
 - Level 2.0 Fighting
 + Level 3.1 Ranged Weapons
 - Level 1.5 Dodging
 - Level 1.0 Spellcasting
 - Level 2.6 Hexes


You had 3 spell levels left.
You knew the following spells:

 Your Spells              Type           Power      Damage    Failure   Level
a - Slow                  Hex            28%        N/A       22%         1

Your spell library contained the following spells:

 Spells                   Type           Power      Damage    Failure   Level
 Inner Flame              Hex/Fire       4%         N/A       75%         3
 Portal Projectile        Hex/Tloc       8%         N/A       75%         3
 Cause Fear               Hex            3%         N/A       92%         4

Inventory:

Hand Weapons
 Y - a +1 sling (weapon)
Armour
 e - a +0 ring mail (worn)
Jewellery
 d - a ring of positive energy (left hand)

Dungeon Overview and Level Annotations

Branches:
Dungeon (2/15)

Altars:

Shops:
D:1 (

Annotations:
D:1 Robin


Message History

The goblin hits you with a +0 dagger. Robin throws the goblin at you!
The hobgoblin barely misses you.
512 ||| STAIRDANCE Robin's bangles clink loudly.
Robin hits you with a +0 short sword. The goblin hits you with a +0 dagger.
The goblin hits you but does no damage. The hobgoblin barely misses you.
The hobgoblin hits you but does no damage.
You climb upwards.
There is a stone staircase leading down here.
You shoot a sling bullet. The sling bullet hits Robin.
Robin is moderately wounded.
The hobgoblin hits you. The hobgoblin barely misses you.
The goblin closely misses you. Robin barely misses you.
The goblin hits you but does no damage.
You shoot a sling bullet. The sling bullet hits Robin.
Robin is heavily wounded.
The hobgoblin hits you but does no damage. x2
The goblin closely misses you. Robin hits you but does no damage.
The goblin barely misses you.
You shoot a sling bullet. The sling bullet barely misses Robin.
The hobgoblin closely misses you. x2; The goblin hits you but does no damage. x2
The hobgoblin barely misses you. Robin closely misses you.
The goblin hits you but does no damage.
The hobgoblin hits you but does no damage.
The goblin hits you but does no damage.
You shoot a sling bullet. The sling bullet hits Robin.
Robin is almost dead.
The hobgoblin closely misses you. The hobgoblin hits you.
The goblin hits you but does no damage. x2
You shoot a sling bullet. The sling bullet barely misses Robin.
The hobgoblin closely misses you. The hobgoblin completely misses you.
The goblin hits you with a +0 dagger. Robin hits you with a +0 short sword.
The goblin hits you but does no damage. The hobgoblin hits you.
The goblin barely misses you. The hobgoblin hits you.
The goblin hits you but does no damage.
You shoot a sling bullet.
The sling bullet hits Robin but does no damage.
Robin is almost dead.
The hobgoblin hits you.
You die...

.........#....#.## ####......
#........##...#.# ####.(....###
#........###..#.# #....#....#
.........##...#.# ###.###...###
.........#).....###...........#
.........).#)#).....#.........#
..........##.##...###..%......#
.......[..#....ggg...........?#
...............g@.##..........#
...........#.##g####..###########
................#####.# ##.
.....#................### ##..
.....#.)........####....######...
..........##.##.####..#..........
.......##.............#######....
....#..##.#.##........# ##..?
.......##>#........#..########...


You could see Robin, 2 hobgoblins and 2 goblins.

Vanquished Creatures
  A dart slug (D:1)
  3 endoplasms (D:1)
  3 goblins
  5 hobgoblins (D:1)
  3 quokkas (D:1)
  4 frilled lizards (D:1)
  4 kobolds (D:1)
  A rat (D:1)
24 creatures vanquished.

Notes
Turn   | Place    | Note
-------+----------+-------------------------------------------
     0 | D:1      | qw the Gargoyle Hexslinger began the quest for the Orb.
     0 | D:1      | Reached XP level 1. HP: 12/12 MP: 2/2
     0 | D:1      | 0 ||| qw: Version: 0.3-a-51-g015441d
     0 | D:1      | 0 ||| qw: Game counter: 3830
     0 | D:1      | 0 ||| qw: Melee chars always use a shield: true
     0 | D:1      | 0 ||| qw: God list: Okawaru
     0 | D:1      | 0 ||| qw: Allow faded altars: false
     0 | D:1      | 0 ||| qw: Do Orc after clearing Dungeon:15 true
     0 | D:1      | 0 ||| qw: Do second Lair branch before Depths: true
     0 | D:1      | 0 ||| qw: Lair rune preference: random
     0 | D:1      | 0 ||| qw: Goals: Normal
     0 | D:1      | 0 ||| PLANNING D:1-11
    83 | D:1      | HP: 2/12 [quokka (3)]
   143 | D:1      | Reached XP level 2. HP: 9/16 MP: 3/3
   214 | D:1      | Reached skill level 3 in Ranged Weapons
   218 | D:1      | Found Jev Ics's Antique Weapon Shoppe.
   379 | D:1      | Reached XP level 3. HP: 21/21 MP: 4/4
   475 | D:1      | 475 ||| UPGRADING to +0 ring mail.
   485 | D:1      | 485 ||| DROPPING +0 robe.
   486 | D:1      | 486 ||| UPGRADING to ring of positive energy.
   487 | D:1      | 487 ||| READING scroll labelled OCICIPS EXZA.
   488 | D:1      | 488 ||| DROPPING scroll of poison.
   508 | D:2      | Noticed Robin
   512 | D:2      | 512 ||| STAIRDANCE
   518 | D:1      | HP: 3/21 [hobgoblin[Robin] (5)]
   519 | D:1      | Slain by a hobgoblin

Levels and vault maps discovered:
D:1:      lightli_arrival_windingriver, layout_rooms, serial_shops,
          nicolae_diamond_shop
D:2:      layout_rooms, serial_shops, nicolae_shop_behind_doors, uniq_robin,
          uniq_sigmund

Skill      XL: |  1  2 |
---------------+-------+-----
Ranged Weapons | 3 |  3.1
Fighting       | 2 |  2.0
Dodging        | |  1.5
Spellcasting   | |  1.0
Hexes          | |  2.6

Action                     || total
---------------------------++-------
   Fire: Sling             ||    86
    Use: Scroll            ||     1
 Armour: Robe              ||     9
         Ring mail         ||    18
  Dodge: Dodged            ||    38

Table legend:
 A = Non-vault XP
 B = Vault XP
 C = Vault XP percentage of total XP
 D = Non-vault monster count
 E = Vault monster count
 F = Vault count percentage of total count
                 A         B        C        D         E       F
            +---------+---------+-------+---------+---------+-------
      Total |      41 |       2 |   4.7 |      23 |       1 |   4.2
            +---------+---------+-------+---------+---------+-------
        D:1 |      41 |       0 |   0.0 |      23 |       0 |   0.0
        D:2 |       0 |       2 | 100.0 |       0 |       1 | 100.0
            +---------+---------+-------+---------+---------+-------
